 Dungeon Crawl Stone Soup version 0.19.0-11-g3fc08b3 (webtiles) character file.

2445 Guinours the Spear-Bearer (level 9, 0/69 HPs)
             Began as a Merfolk Gladiator on Nov 9, 2016.
             Was a Believer of Makhleb.
             Succumbed to an adder's poison
             ... on level 6 of the Dungeon.
             The game lasted 00:34:33 (5343 turns).

Guinours the Spear-Bearer (Merfolk Gladiator)       Turns: 5343, Time: 00:34:34

Health: 0/69       AC:  8    Str: 17    XL:     9   Next: 49%
Magic:  9/9        EV: 17    Int: 12    God:    Makhleb [**....]
Gold:   164        SH:  0    Dex: 16    Spells: 0 memorised, 8 levels left

rFire  . . .     SeeInvis .     a - +0 trident
rCold  . . .     Gourm    .     b - +0 leather armour
rNeg   . . .     Faith    .     (no shield)
rPois  .         Spirit   .     c - +0 helmet
rElec  .         Reflect  .     t - +0 cloak
rCorr  .         Harm     .     p - +1 pair of gloves
MR     .....                    e - +0 pair of boots
Stlth  ++........               (no amulet)
                                (no ring)
                                (no ring)

@: brilliant, lethally poisoned (0 -> -3), flying
A: change form in water, swift swim, stealthy swim
a: Minor Destruction, Renounce Religion


You were on level 6 of the Dungeon.
You worshipped Makhleb.
Makhleb was pleased with you.
You were not hungry.

You visited 2 branches of the dungeon, and saw 7 of its levels.

You collected 164 gold pieces.

Inventory:

Hand Weapons
 a - a +0 trident (weapon)
Missiles
 d - 3 throwing nets
 i - 5 silver javelins
 m - 153 stones (quivered)
Armour
 b - a +0 leather armour (worn)
 c - a +0 helmet (worn)
 e - a +0 pair of boots (worn)
 p - a +1 pair of gloves (worn)
 t - a +0 cloak (worn)
Wands
 h - a wand of polymorph (9/24)
Scrolls
 g - a scroll of magic mapping
 j - a scroll of identify
 l - 2 scrolls of fog
 q - a scroll of remove curse
Potions
 k - a potion of mutation {unknown}
Books
 v - a book of Misfortune

   Spells                             Type                      Level
   a - Confusing Touch                Hexes                        1
   b - Confuse                        Hexes                        3
   c - Gell's Gravitas                Hexes/Translocation          3
   d - Petrify                        Transmutation/Earth          4
   e - Metabolic Englaciation         Hexes/Ice                    5
   f - Yara's Violent Unravelling     Hexes/Transmutation          5
Comestibles
 f - 6 bread rations
 o - a fruit
 z - 6 chunks of flesh


   Skills:
 + Level 5.9 Fighting
 + Level 12.4 Polearms
 + Level 2.0 Throwing
 + Level 3.1 Armour
 + Level 7.9 Dodging
 + Level 3.6 Stealth


You had 8 spell levels left.
You didn't know any spells.

Dungeon Overview and Level Annotations

Branches:
Dungeon (6/15)             Temple (1/1) D:4

Altars:
Ashenzari
Dithmenos
Elyvilon
Fedhas
Gozag
Makhleb
Nemelex Xobeh
Ru
Sif Muna
Trog
Vehumet
Xom
Yredelemnul

Shops:
D:4 *


Message History

You hit the adder but do no damage.
The adder is moderately wounded.
The adder completely misses you.
You closely miss the adder.
The adder is moderately wounded.
The adder completely misses you.
You hit the adder.
The adder is heavily wounded.
The adder bites you.
* * * LOW HITPOINT WARNING * * *
You are lethally poisoned!
The adder poisons you!
It was a potion of flight.
You feel very buoyant.
You fly up into the air.
* * * LOW HITPOINT WARNING * * *
You feel sick. The adder bites you but does no damage.
It was a potion of brilliance.
You feel clever all of a sudden.
You die...

#.# #.# #.# #.# # ..#
.# #.# #######.# #.#
#. ...#... ..# #.#
#.#S### #.####.#
#.))@.# ....##.#
#####.#.# ...8.#.#
#)....#...
.....#.#####.#######.#
._...........# ..
.....#..###### ##
...8.#.## ....##.#
#.###..#


You could see an adder.

Vanquished Creatures
  Pikel (D:4)
  The ghost of tsouns the Sneak, a novice TeAs (D:5)
  Grinder (D:4)
  An orc warrior (D:5)
  3 ice beasts (D:5)
  A sky beast (D:6)
  2 phantoms
  3 ogres
  A bullfrog (D:5)
  2 scorpions
  A crimson imp (D:5)
  An orc priest (D:6)
  3 orc wizards
  2 centaur skeletons
  An iguana (D:6)
  Natasha (thrice) (D:4)
  2 worker ants
  A hound skeleton (D:5)
  Robin (D:4)
  4 gnolls (D:6)
  5 adders
  2 oozes
  An adder skeleton (D:5)
  5 worms
  5 leopard geckos
  8 orcs
  A ball python (D:3)
  7 bats
  6 giant cockroaches
  7 goblins
  5 hobgoblins
  4 jackals (D:3)
  3 kobolds
  2 quokkas (D:3)
  4 frilled lizards
  A leopard gecko zombie (D:6)
  9 rats
110 creatures vanquished.

Vanquished Creatures (others)
  2 slaves (D:4)
  A bullfrog skeleton (D:4)
  An adder (D:4)
4 creatures vanquished.

Grand Total: 114 creatures vanquished

Notes
Turn   | Place    | Note
-------+----------+-------------------------------------------
     0 | D:1      | Guinours the Merfolk Gladiator began the quest for the Orb.
     0 | D:1      | Reached XP level 1. HP: 16/16 MP: 1/1
   261 | D:1      | Reached XP level 2. HP: 22/22 MP: 2/2
   918 | D:2      | Found a burning altar of Makhleb.
   938 | D:2      | Became a worshipper of Makhleb the Destroyer
   952 | D:2      | Reached XP level 3. HP: 28/28 MP: 3/3
   978 | D:2      | Reached skill level 5 in Polearms
  1022 | D:2      | Found a shattered altar of Ashenzari.
  1579 | D:2      | Noticed a moth of wrath
  1586 | D:2      | Found a bloodstained altar of Trog.
  1791 | D:3      | Reached XP level 4. HP: 34/34 MP: 4/4
  1850 | D:3      | Reached skill level 1 in Stealth
  2154 | D:3      | Reached * piety under Makhleb
  2274 | D:3      | Reached skill level 6 in Polearms
  2274 | D:3      | Reached skill level 5 in Dodging
  2274 | D:3      | Reached XP level 5. HP: 31/40 MP: 5/5
  2290 | D:3      | Reached skill level 1 in Armour
  2747 | D:4      | Noticed Robin
  2782 | D:4      | Found a sparkling altar of Nemelex Xobeh.
  2797 | D:4      | Killed Robin
  2845 | D:4      | Noticed Pikel
  2845 | D:4      | Noticed a slave
  2845 | D:4      | Noticed a slave
  2845 | D:4      | Noticed a slave
  2845 | D:4      | Noticed a slave
  2879 | D:4      | Killed Pikel
  2879 | D:4      | Reached skill level 8 in Polearms
  2879 | D:4      | Reached XP level 6. HP: 42/48 MP: 6/6
  2879 | D:4      | Reached XP level 7. HP: 47/53 MP: 7/7
  2941 | D:4      | Noticed Natasha
  2952 | D:4      | Killed Natasha
  2984 | D:4      | Found a staircase to the Ecumenical Temple.
  2995 | D:4      | Noticed Grinder
  3001 | D:4      | Paralysed by Grinder for 5 turns
  3027 | D:4      | Noticed Natasha
  3037 | D:4      | Killed Natasha
  3061 | D:4      | Killed Grinder
  3061 | D:4      | Reached skill level 9 in Polearms
  3061 | D:4      | Reached XP level 8. HP: 21/61 MP: 8/8
  3071 | D:4      | Noticed Natasha
  3103 | D:4      | Killed Natasha
  3449 | D:4      | Found Rede's Assorted Antiques.
  3808 | Temple   | Entered the Ecumenical Temple
  3842 | D:5      | Entered Level 5 of the Dungeon
  3870 | D:5      | Reached skill level 10 in Polearms
  3908 | D:5      | Noticed tsouns's ghost (novice TeAs)
  3946 | D:5      | Killed tsouns's ghost
  3946 | D:5      | Reached skill level 5 in Fighting
  4120 | D:5      | Reached skill level 11 in Polearms
  4198 | D:5      | Reached XP level 9. HP: 52/68 MP: 9/9
  4239 | D:5      | Reached ** piety under Makhleb
  4480 | D:5      | Found a shimmering altar of Xom.
  4702 | D:5      | Found a blossoming altar of Fedhas.
  4845 | D:5      | Reached skill level 12 in Polearms
  5258 | D:6      | Found an opulent altar of Gozag.
  5341 | D:6      | HP: 2/69 [adder (3)]
  5343 | D:6      | Succumbed to an adder's poison

Skill      XL: |  1  2  3  4  5  6  7  8  9 |
---------------+----------------------------+-----
Polearms       | 5 6 8 9 11 12 | 12.4
Stealth        | 1 2 3 |  3.6
Dodging        | 5 6 7 |  7.9
Armour         | 2 3 |  3.1
Fighting       | 3 4 5 |  5.9
Throwing       | |  2.0

Action                   |  1- 3 |  4- 6 |  7- 9 || total
-------------------------+-------+-------+-------++-------
Melee: Trident           |   111 |   160 |   335 ||   606
       Unarmed           |       |       |     1 ||     1
  Use: Scroll            |     8 |     2 |     1 ||    11
       Potion            |     1 |     7 |     3 ||    11
 Stab: Sleeping          |     2 |       |     4 ||     6
  Eat: Chunk             |     3 |     3 |     8 ||    14
       Fruit             |       |       |     1 ||     1
Armor: Leather armour    |    51 |    48 |    68 ||   167
       Skin              |       |       |     2 ||     2
Dodge: Dodged            |   113 |   109 |   159 ||   381
